 Dungeon Crawl Stone Soup version 0.20.1-1-g8b1a95d (webtiles) character file.

1044 Nidhoragg the Thaumaturge (level 8, -3/41 HPs)
             Began as a Deep Elf Summoner on July 28, 2017.
             Was an Initiate of Sif Muna.
             Slain by an unseen horror (12 damage)
             ... on level 7 of the Dungeon on July 29, 2017.
             The game lasted 01:57:17 (5977 turns).

Nidhoragg the Thaumaturge (Deep Elf Summoner)       Turns: 5977, Time: 01:57:17

Health: -3/41      AC:  3    Str:  5    XL:     8   Next: 4%
Magic:  16/22      EV: 13    Int: 25    God:    Sif Muna [......]
Gold:   417        SH:  0    Dex: 15    Spells: 9/24 levels left

rFire    + . .     SeeInvis .   v - -3 blowgun (curse)
rCold    . . .     Gourm    .   (no shield)
rNeg     . . .     Faith    .   L - +0 robe
rPois    .         Spirit   .   (no helmet)
rElec    .         Reflect  .   (no cloak)
rCorr    .         Harm     .   C - +0 pair of gloves
MR       .....                  (no boots)
Stlth    ++........             (no amulet)
Regen    0.2/turn               l - ring of protection from fire
MPRegen  0.2/turn               A - +2 ring of intelligence

@: no status effects
A: no striking features
a: Renounce Religion


You were on level 7 of the Dungeon.
You worshipped Sif Muna.
Sif Muna was noncommittal.
You were very hungry.

You visited 2 branches of the dungeon, and saw 8 of its levels.

You collected 417 gold pieces.

Inventory:

Hand Weapons
 n - a -1 short sword
 t - a +0 hunting sling
 u - a +0 quarterstaff of speed
 v - a cursed -3 blowgun (weapon)
 K - a +3 scythe of flaming
Missiles
 w - 17 poisoned needles (quivered)
 B - 24 sling bullets
Armour
 a - a +0 robe
 m - a +0 robe
 C - a +0 pair of gloves (worn)
 L - a +0 robe (worn)
Jewellery
 l - a ring of protection from fire (left hand)
 q - an uncursed amulet of harm
 A - a +2 ring of intelligence (right hand)
 D - an uncursed ring of ice
Wands
 F - a wand of iceblast (5/15)
 M - a wand of flame (22/48)
Scrolls
 g - 3 scrolls of fog
 j - 2 scrolls of teleportation
 x - a scroll of amnesia {unknown}
 y - a scroll of recharging {unknown}
 E - a scroll of magic mapping {unknown}
 G - 3 scrolls of remove curse
 N - 5 scrolls of identify
 Q - a scroll of fear {unknown}
 R - a scroll of enchant weapon
Potions
 d - 2 potions of agility {unknown}
 e - 2 potions of lignification {unknown}
 f - 2 potions of invisibility {unknown}
 k - a potion of mutation {unknown}
 o - 4 potions of curing
 p - 3 potions of haste {unknown}
 r - 2 potions of ambrosia {unknown}
 z - 2 potions of brilliance {unknown}
 H - 2 potions of heal wounds {unknown}
 I - a potion of resistance {unknown}
 J - a potion of degeneration {unknown}
 P - a potion of might {unknown}
Books
 b - a book of Callings

   Spells                             Type                      Level
   a - Summon Small Mammal            Summoning                    1
   b - Call Imp                       Summoning                    2
   c - Call Canine Familiar           Summoning                    3
   d - Summon Guardian Golem          Hexes/Summoning              3
   e - Summon Lightning Spire         Summoning/Air                4
   f - Summon Ice Beast               Ice/Summoning                4
Comestibles
 c - 5 bread rations
 h - a royal jelly
 i - 14 fruits
 s - 3 meat rations


   Skills:
 + Level 0.8 Staves
 + Level 0.2 Throwing
 + Level 2.8 Dodging
 - Level 2.4 Stealth
 + Level 8.8 Spellcasting
 + Level 0.3 Hexes
 + Level 8.1 Summonings
 + Level 1.4 Ice Magic
 + Level 1.2 Air Magic


You had 9 spell levels left.
You knew the following spells:

 Your Spells              Type           Power        Failure   Level  Hunger
a - Summon Small Mammal   Summ           ####         1%          1    None
b - Summon Guardian Gole  Hex/Summ       ####....     3%          3    None
c - Call Canine Familiar  Summ           ######..     1%          3    None
d - Summon Lightning Spi  Summ/Air       ####....     9%          4    ##.....
e - Summon Ice Beast      Ice/Summ       ####....     8%          4    ##.....


Dungeon Overview and Level Annotations

Branches:
Dungeon (7/15)             Temple (1/1) D:6

Altars:
Ashenzari
Dithmenos
Elyvilon
Gozag
Hepliaklqana
Kikubaaqudgha
Makhleb
Nemelex Xobeh
Qazlal
Ru
Sif Muna
Uskayaw
Xom
Yredelemnul
Zin
The Shining One

Shops:
D:5 (


Message History

Your warg bites something!
Your ice beast completely misses something.
Something hits your lightning spire but does no damage.
Something hits your lightning spire. x2; A sky beast appears from thin air!
Reactivating autopickup.
Something hits your lightning spire but does no damage. x2
Something hits your lightning spire. Something hits your lightning spire!
Your lightning spire is destroyed!
Something hits your ice beast!
Your warg bites something.
Something hits your ice beast. Something hits your ice beast.
Something hits your ice beast!
Your ice beast dies!
The sky beast hits you but does no damage.
Your warg bites something!
Something hits you.
* * * LOW HITPOINT WARNING * * *
Deactivating autopickup; reactivate with Ctrl-A.
Something hits you!
You die...

###..##..... .#..##
##.... .. ...##
..## .. ..## ..# .#
..## ..## ##.
...### ...####..
.....####.... ..###
####...#..#
#...##### ###...#
##@.......
##..######...##....
#...h.......# #
#..#.....Y.#..#
#.###...####..# #..
##..# #..# #..#
#.... .... ...#
#..... ..... #...
#.###.. ....


You could see a sky beast.

Vanquished Creatures
  An adder (D:3)
  A bat (D:2)
  A hobgoblin (D:2)
  A frilled lizard (D:2)
4 creatures vanquished.

Vanquished Creatures (collateral kills)
  Sigmund (D:5)
  Edmund (D:5)
  A water moccasin (D:6)
  A sky beast (D:6)
  An orc warrior (D:6)
  A phantom (D:5)
  An ice beast (D:4)
  3 ogres
  A bullfrog (D:6)
  3 scorpions
  A crimson imp (D:6)
  A howler monkey (D:6)
  A centaur zombie (D:6)
  2 hounds
  A jelly (D:4)
  An orc priest (D:3)
  A centaur skeleton (D:5)
  2 orc wizards (D:4)
  6 worker ants
  2 iguanas
  A hound skeleton (D:5)
  13 adders
  2 oozes
  An adder skeleton (D:4)
  An adder zombie (D:5)
  2 worms
  2 dart slugs
  6 leopard geckos
  14 orcs
  4 giant cockroaches
  18 goblins
  10 hobgoblins
  15 jackals
  8 kobolds
  6 quokkas
  2 ball pythons (D:3)
  9 bats
  6 frilled lizards
  2 quokka skeletons
  15 rats
169 creatures vanquished.

Vanquished Creatures (others)
  An orc wizard (D:4)
  2 worker ants (D:4)
  A worm (D:4)
  An orc (D:4)
5 creatures vanquished.

Grand Total: 178 creatures vanquished

Notes
Turn   | Place    | Note
-------+----------+-------------------------------------------
     0 | D:1      | Nidhoragg the Deep Elf Summoner began the quest for the Orb.
     0 | D:1      | Reached XP level 1. HP: 10/10 MP: 6/6
   292 | D:1      | Reached XP level 2. HP: 15/15 MP: 4/8
  1163 | D:2      | Found a hide-covered altar of Uskayaw.
  1176 | D:2      | Reached skill level 5 in Summonings
  1236 | D:2      | Found a shattered altar of Ashenzari.
  1303 | D:2      | Reached XP level 3. HP: 12/19 MP: 5/10
  1469 | D:2      | Learned a level 3 spell: Summon Guardian Golem
  1473 | D:2      | Learned a level 3 spell: Call Canine Familiar
  2281 | D:3      | Reached XP level 4. HP: 24/24 MP: 1/12
  2426 | D:3      | Learned a level 4 spell: Summon Lightning Spire
  2498 | D:3      | Found a sacrificial altar of Ru.
  2883 | D:3      | Found a basalt altar of Yredelemnul.
  3175 | D:4      | Reached skill level 5 in Spellcasting
  3194 | D:4      | Found a stormy altar of Qazlal.
  3281 | D:4      | Noticed an ice beast
  3303 | D:4      | Killed an ice beast
  3303 | D:4      | Reached XP level 5. HP: 28/28 MP: 3/15
  3309 | D:4      | Learned a level 4 spell: Summon Ice Beast
  3342 | D:4      | Noticed an ogre
  3348 | D:4      | Killed an ogre
  3657 | D:4      | Reached XP level 6. HP: 32/32 MP: 6/17
  3879 | D:4      | Found a glowing silver altar of Zin.
  3967 | D:4      | Found a shimmering altar of Xom.
  4217 | D:5      | Entered Level 5 of the Dungeon
  4315 | D:5      | Noticed Edmund
  4324 | D:5      | Killed Edmund
  4442 | D:5      | Reached skill level 1 in Ice Magic
  4442 | D:5      | Reached skill level 1 in Air Magic
  4442 | D:5      | Reached XP level 7. HP: 36/36 MP: 3/19
  4568 | D:5      | Noticed Sigmund
  4580 | D:5      | Killed Sigmund
  4733 | D:5      | Found Cenaem's Antique Weapon Shop.
  5304 | D:6      | Found a staircase to the Ecumenical Temple.
  5311 | Temple   | Entered the Ecumenical Temple
  5369 | Temple   | Became a worshipper of Sif Muna the Loreminder
  5591 | D:6      | Reached XP level 8. HP: 37/41 MP: 15/22
  5977 | D:7      | Slain by an unseen horror

Skill      XL: |  1  2  3  4  5  6  7 |
---------------+----------------------+-----
Summonings     | 5 6 7 8 |  8.1
Spellcasting   | 4 5 6 7 8 |  8.8
Ice Magic      | 1 |  1.4
Air Magic      | 1 |  1.2
Staves         | |  0.8
Throwing       | |  0.2
Dodging        | |  2.8
Stealth        | |  2.4
Hexes          | |  0.3

Action                   |  1- 3 |  4- 6 |  7- 9 || total
-------------------------+-------+-------+-------++-------
Melee: Unarmed           |     2 |       |       ||     2
       Quarterstaff      |     8 |       |       ||     8
 Fire: Blowgun           |     2 |       |       ||     2
 Cast: Summon Small Mamm |    69 |    51 |    44 ||   164
       Summon Guardian G |     6 |     2 |     2 ||    10
       Call Canine Famil |     5 |    18 |    11 ||    34
       Summon Lightning  |       |    10 |     7 ||    17
       Summon Ice Beast  |       |     9 |     3 ||    12
  Use: Scroll            |    10 |     2 |       ||    12
       Potion            |       |       |     1 ||     1
 Stab: Distracted        |     1 |       |       ||     1
  Eat: Chunk             |     4 |    11 |     4 ||    19
Armor: Robe              |     6 |     6 |     3 ||    15
Dodge: Dodged            |    32 |    14 |    10 ||    56
